| TOP OF THE 1ST |
|
Tijuana Toros batting - Pitching for Madison Brewers : RHP Jim Strickland
|
|
Pitching: RHP Jim Strickland
|
|
|
Batting: LHB Nate Kee
|
0-0: Fly out, F7 (Flyball, 7, EV 90.0 MPH)
|
|
Batting: LHB Steve Pond
|
0-0: Called Strike 0-1: Ball 1-1: Called Strike 1-2: Foul Ball, location: 2F 1-2: Ball 2-2: Ball 3-2: Foul Ball, location: 2F 3-2: Base on Balls
|
|
Batting: RHB Chad Rojas
|
0-0: Ball 1-0: Ball 2-0: Swinging Strike 2-1: Fly out, F5 (Popup, 56, EV 65.0 MPH)
|
|
Batting: RHB Joe Bower
|
0-0: Ball 1-0: Swinging Strike 1-1: Ball 2-1: Fly out, F8 (Flyball, 8RXD, EV 104.4 MPH)
|
| Top of the 1st over - 0 runs, 0 hits, 0 errors, 1 left on base; Tijuana 0 - Madison 0 |
| BOTTOM OF THE 1ST |
|
Madison Brewers batting - Pitching for Tijuana Toros : LHP Bryan Rouse
|
|
Pitching: LHP Bryan Rouse
|
|
|
Batting: SHB Aaron Neill
|
0-0: Ground out 4-3 (Groundball, 4M, EV 103.1 MPH)
|
|
Batting: LHB Steven Donovan
|
0-0: Foul Ball, location: 2F 0-1: SINGLE (Line Drive, 8LS, EV 103.8 MPH)
|
|
Batting: RHB Chris Riddel
|
0-0: Called Strike 0-1: Ball 1-1: Foul Ball, location: 2F 1-2: SINGLE (Groundball, 6D, EV 100.6 MPH) Steven Donovan to second
|
|
Batting: SHB Jerry Duffy
|
0-0: Fly out, F9 (Flyball, 9LS, EV 83.1 MPH)
|
|
Batting: RHB Drew Forbess
|
0-0: Ball 1-0: Called Strike 1-1: Swinging Strike 1-2: Foul Ball, location: 2F 1-2: Fly out, F8 (Flyball, 89D, EV 104.4 MPH)
|
| Bottom of the 1st over - 0 runs, 2 hits, 0 errors, 2 left on base; Tijuana 0 - Madison 0 |
| TOP OF THE 2ND |
|
Tijuana Toros batting - Pitching for Madison Brewers : RHP Jim Strickland
|
|
Batting: LHB Mesfin Azagba
|
0-0: Ball 1-0: Foul Ball, location: 2F 1-1: Ball 2-1: Swinging Strike 2-2: SINGLE (Groundball, 56S, EV 96.9 MPH)
|
|
Batting: RHB David Watkins
|
0-0: Fly out, F9 (Flyball, 89XD, EV 78.8 MPH)
|
|
Batting: RHB Pat Adams
|
0-0: Ball 1-0: SINGLE (Flyball, 89S, EV 91.9 MPH) Mesfin Azagba to second Runner from 2nd tries for 3rd, SAFE, throw by RF made to third
|
|
Batting: RHB Ruben Irizarry
|
0-0: Swinging Strike 0-1: Ball Wild Pitch! Mesfin Azagba scores Pat Adams to second 1-1: Ball 2-1: Swinging Strike 2-2: Strikes out swinging
|
|
Batting: RHB Will Barksdale
|
0-0: Ball 1-0: Fly out, F8 (Flyball, 8LM, EV 92.5 MPH)
|
| Top of the 2nd over - 1 run, 2 hits, 0 errors, 1 left on base; Tijuana 1 - Madison 0 |
| BOTTOM OF THE 2ND |
|
Madison Brewers batting - Pitching for Tijuana Toros : LHP Bryan Rouse
|
|
Batting: RHB Alfredo Sena
|
0-0: Ball 1-0: Fly out, F4 (Flyball, 4MD, EV 91.9 MPH)
|
|
Batting: RHB Herb McIntyre
|
0-0: Foul Ball, location: 2F 0-1: Called Strike 0-2: Ground out 6-3 (Groundball, 6, EV 101.3 MPH)
|
|
Batting: LHB Rick Campbell
|
0-0: Called Strike 0-1: Foul Ball, location: 2F 0-2: Ground out 6-3 (Groundball, 56, EV 89.4 MPH)
|
| Bottom of the 2nd over - 0 runs, 0 hits, 0 errors, 0 left on base; Tijuana 1 - Madison 0 |
| TOP OF THE 3RD |
|
Tijuana Toros batting - Pitching for Madison Brewers : RHP Jim Strickland
|
|
Batting: LHB Nate Kee
|
0-0: Ball 1-0: Ball 2-0: Called Strike 2-1: Foul Ball, location: 2F 2-2: Strikes out looking
|
|
Batting: LHB Steve Pond
|
0-0: Called Strike 0-1: Ball 1-1: Foul Ball, location: 2F 1-2: Ball 2-2: Ground out U3 (Groundball, 3S, EV 64.4 MPH)
|
|
Batting: RHB Chad Rojas
|
0-0: SINGLE (Line Drive, 8RS, EV 101.9 MPH)
|
|
Batting: RHB Joe Bower
|
0-0: Ball 1-0: Ball 2-0: Called Strike 2-1: Foul Ball, location: 2F 2-2: Foul Ball, location: 2F 2-2: Foul Ball, location: 2F 2-2: Foul Ball, location: 2F 2-2: Foul Ball, location: 2F 2-2: Foul Ball, location: 2F 2-2: SINGLE (Flyball, 5D, EV 84.4 MPH) Chad Rojas to second
|
|
Batting: LHB Mesfin Azagba
|
0-0: Swinging Strike 0-1: Ball Wild Pitch! Chad Rojas to third Joe Bower to second 1-1: Ground out 4-3 (Groundball, 4, EV 99.4 MPH)
|
| Top of the 3rd over - 0 runs, 2 hits, 0 errors, 2 left on base; Tijuana 1 - Madison 0 |
| BOTTOM OF THE 3RD |
|
Madison Brewers batting - Pitching for Tijuana Toros : LHP Bryan Rouse
|
|
Batting: RHB Justin Marino
|
0-0: Ball 1-0: Called Strike 1-1: Ground out 3-1 (Groundball, 34, EV 86.9 MPH)
|
|
Batting: SHB Aaron Neill
|
0-0: Swinging Strike 0-1: Ball 1-1: Ball 2-1: Foul Ball, location: 2F 2-2: Foul Ball, location: 2F 2-2: DOUBLE (Line Drive, 89D, EV 110.6 MPH)
|
|
Pitching: RHP Alfredo Sanchez
|
|
|
Batting: LHB Steven Donovan
|
0-0: Called Strike 0-1: Ball 1-1: Ball 2-1: Ball 3-1: Base on Balls
|
|
Batting: RHB Chris Riddel
|
0-0: Ball Aaron Neill steals 3rd base 1-0: SINGLE (Line Drive, 9S, EV 104.4 MPH) Aaron Neill scores Steven Donovan to second
|
|
Batting: SHB Jerry Duffy
|
0-0: Called Strike 0-1: Ball 1-1: Ball 2-1: Ball 3-1: 3-RUN HOME RUN (Flyball, 89XD, EV 114.4 MPH), Distance : 432 ft
|
|
Batting: RHB Drew Forbess
|
0-0: Ball 1-0: Swinging Strike 1-1: Ball 2-1: Fly out, F9 (Flyball, 9D, EV 91.3 MPH)
|
|
Batting: RHB Alfredo Sena
|
0-0: Ball 1-0: Ball 2-0: Ball 3-0: Called Strike 3-1: Base on Balls
|
|
Pitching: RHP Gary Salazar
|
|
|
Batting: RHB Herb McIntyre
|
0-0: Fly out, F4 (Popup, 4, EV 60.0 MPH)
|
| Bottom of the 3rd over - 4 runs, 3 hits, 0 errors, 1 left on base; Tijuana 1 - Madison 4 |
| TOP OF THE 4TH |
|
Tijuana Toros batting - Pitching for Madison Brewers : RHP Jim Strickland
|
|
Batting: RHB David Watkins
|
0-0: Foul Ball, location: 2F 0-1: Ground out 6-3 (Groundball, 6MS, EV 86.9 MPH)
|
|
Batting: RHB Pat Adams
|
0-0: Called Strike 0-1: Ball 1-1: Swinging Strike 1-2: Strikes out swinging
|
|
Batting: RHB Ruben Irizarry
|
0-0: Ball 1-0: Ball 2-0: Ball 3-0: Called Strike 3-1: Swinging Strike 3-2: SINGLE (Groundball, 3D, EV 93.8 MPH)
|
|
Batting: RHB Will Barksdale
|
0-0: Ball 1-0: Called Strike 1-1: Fly out, F7 (Flyball, 78S, EV 79.4 MPH)
|
| Top of the 4th over - 0 runs, 1 hit, 0 errors, 1 left on base; Tijuana 1 - Madison 4 |
| BOTTOM OF THE 4TH |
|
Madison Brewers batting - Pitching for Tijuana Toros : RHP Gary Salazar
|
|
Batting: LHB Rick Campbell
|
0-0: Called Strike 0-1: Ball 1-1: Ground out 5-3 (Groundball, 56, EV 85.6 MPH)
|
|
Pinch Hitting: LHB Sal Burgos
|
0-0: Ball 1-0: Called Strike 1-1: Fly out, F9 (Flyball, 9LS, EV 82.5 MPH)
|
|
Batting: SHB Aaron Neill
|
0-0: Ball 1-0: Fly out, F8 (Flyball, 89D, EV 86.9 MPH)
|
| Bottom of the 4th over - 0 runs, 0 hits, 0 errors, 0 left on base; Tijuana 1 - Madison 4 |
| TOP OF THE 5TH |
|
Tijuana Toros batting - Pitching for Madison Brewers : RHP Jim Strickland
|
|
Now at 1B: Sal Burgos
|
|
|
Now at 3B: Drew Forbess
|
|
|
Now at SS: Rick Campbell
|
|
|
Batting: LHB Nate Kee
|
0-0: Called Strike 0-1: Ground out 4-3 (Groundball, 4, EV 86.3 MPH)
|
|
Batting: LHB Steve Pond
|
0-0: Ball 1-0: Fly out, F4 (Popup, 4M, EV 56.9 MPH)
|
|
Batting: RHB Chad Rojas
|
0-0: SINGLE (Line Drive, 78S, EV 107.5 MPH)
|
|
Batting: RHB Joe Bower
|
0-0: Ball 1-0: Ball 2-0: Ball 3-0: Called Strike 3-1: Foul Ball, location: 2F 3-2: Strikes out looking
|
| Top of the 5th over - 0 runs, 1 hit, 0 errors, 1 left on base; Tijuana 1 - Madison 4 |
| BOTTOM OF THE 5TH |
|
Madison Brewers batting - Pitching for Tijuana Toros : RHP Gary Salazar
|
|
Batting: LHB Steven Donovan
|
0-0: Foul Ball, location: 2F 0-1: Ball 1-1: Ball 2-1: Swinging Strike 2-2: Foul Ball, location: 2F 2-2: Ball 3-2: Foul Ball, location: 2F 3-2: Strikes out swinging
|
|
Batting: RHB Chris Riddel
|
0-0: Ball 1-0: Called Strike 1-1: Ball 2-1: Foul Ball, location: 2F 2-2: Foul Ball, location: 2F 2-2: Foul Ball, location: 2F 2-2: Foul Ball, location: 2F 2-2: Strikes out swinging
|
|
Pitching: RHP Andrew Telles
|
|
|
Batting: SHB Jerry Duffy
|
0-0: Ball 1-0: Swinging Strike 1-1: Swinging Strike 1-2: Strikes out swinging
|
| Bottom of the 5th over - 0 runs, 0 hits, 0 errors, 0 left on base; Tijuana 1 - Madison 4 |
| TOP OF THE 6TH |
|
Tijuana Toros batting - Pitching for Madison Brewers : RHP Jim Strickland
|
|
Batting: LHB Mesfin Azagba
|
0-0: Ball 1-0: Foul Ball, location: 2F 1-1: Ball 2-1: Swinging Strike 2-2: Ball 3-2: Base on Balls
|
|
Batting: RHB David Watkins
|
0-0: Ball 1-0: SINGLE (Line Drive, 7S, EV 104.4 MPH) Mesfin Azagba to second
|
|
Batting: RHB Pat Adams
|
0-0: Called Strike 0-1: Foul Ball, location: 2F 0-2: Ball Wild Pitch! Mesfin Azagba to third David Watkins to second 1-2: Foul Ball, location: 2F 1-2: Ball 2-2: Ball 3-2: Fly out, F4 (Popup, 34, EV 65.0 MPH)
|
|
Batting: RHB Ruben Irizarry
|
0-0: Ball 1-0: Ball 2-0: Foul Ball, location: 2F 2-1: Called Strike 2-2: Strikes out swinging
|
|
Pitching: LHP Tony Salazar
|
|
|
Batting: RHB Will Barksdale
|
0-0: Ball 1-0: Called Strike 1-1: SINGLE (Line Drive, 7S, EV 101.3 MPH) Mesfin Azagba scores David Watkins to third Runner from 3rd tries for Home, throw by LF and OUT! 7-2
|
| Top of the 6th over - 1 run, 2 hits, 0 errors, 1 left on base; Tijuana 2 - Madison 4 |
| BOTTOM OF THE 6TH |
|
Madison Brewers batting - Pitching for Tijuana Toros : RHP Andrew Telles
|
|
Batting: RHB Drew Forbess
|
0-0: Ball 1-0: Ball 2-0: Swinging Strike 2-1: Foul Ball, location: 2F 2-2: Ball 3-2: Strikes out swinging
|
|
Batting: RHB Alfredo Sena
|
0-0: Called Strike 0-1: Swinging Strike 0-2: Ball 1-2: Ball 2-2: Ball 3-2: SINGLE (Line Drive, 34, EV 106.9 MPH)
|
|
Batting: RHB Herb McIntyre
|
0-0: Ball Alfredo Sena is caught stealing 2nd base 2-4 1-0: SINGLE (Groundball, 56, EV 103.8 MPH)
|
|
Pitching: RHP Balinda Msrah
|
|
|
Batting: LHB Rick Campbell
|
0-0: Ball 1-0: Called Strike 1-1: Ball 2-1: SINGLE (Groundball, 4MD, EV 103.1 MPH) Herb McIntyre to second
|
|
Batting: LHB Sal Burgos
|
0-0: Called Strike 0-1: Called Strike 0-2: Ball 1-2: Ball 2-2: Hit by Pitch Herb McIntyre to third Rick Campbell to second
|
|
Batting: SHB Aaron Neill
|
0-0: Ball 1-0: Called Strike 1-1: Reached on error, E4 (Groundball, 4, EV 81.9 MPH) Herb McIntyre scores Rick Campbell to third Sal Burgos to second
|
|
Batting: LHB Steven Donovan
|
0-0: Ball 1-0: Ball 2-0: Ball 3-0: Base on Balls Rick Campbell scores Sal Burgos to third Aaron Neill to second
|
|
Batting: RHB Chris Riddel
|
0-0: Called Strike 0-1: Foul Ball, location: 2F 0-2: Strikes out swinging
|
| Bottom of the 6th over - 2 runs, 3 hits, 1 error, 3 left on base; Tijuana 2 - Madison 6 |
| TOP OF THE 7TH |
|
Tijuana Toros batting - Pitching for Madison Brewers : LHP Tony Salazar
|
|
Now at SS: Jesus Menjivar
|
|
|
Batting: LHB Nate Kee
|
0-0: Fly out, F7 (Flyball, 78S, EV 85.6 MPH)
|
|
Batting: LHB Steve Pond
|
0-0: Ball 1-0: SINGLE (Groundball, 34D, EV 110.0 MPH)
|
|
Batting: RHB Chad Rojas
|
0-0: Called Strike 0-1: Foul Ball, location: 2F 0-2: Strikes out looking
|
|
Batting: RHB Joe Bower
|
0-0: Fly out, F7 (Flyball, 7D, EV 103.8 MPH)
|
| Top of the 7th over - 0 runs, 1 hit, 0 errors, 1 left on base; Tijuana 2 - Madison 6 |
| BOTTOM OF THE 7TH |
|
Madison Brewers batting - Pitching for Tijuana Toros : RHP Balinda Msrah
|
|
Pitching: RHP Jeff Lewis
|
|
|
Batting: SHB Jerry Duffy
|
0-0: Swinging Strike 0-1: Swinging Strike 0-2: Ball 1-2: Strikes out swinging
|
|
Batting: RHB Drew Forbess
|
0-0: Called Strike 0-1: Swinging Strike 0-2: Foul Ball, location: 2F 0-2: Ball 1-2: Ball 2-2: Strikes out swinging
|
|
Batting: RHB Alfredo Sena
|
0-0: Ball 1-0: DOUBLE (Line Drive, 89D, EV 113.1 MPH)
|
|
Batting: RHB Herb McIntyre
|
0-0: Ball 1-0: Ball 2-0: Ball 3-0: Base on Balls
|
|
Batting: RHB Jesus Menjivar
|
0-0: Foul Ball, location: 2F 0-1: Ball 1-1: Ball 2-1: Called Strike 2-2: Fly out, F8 (Flyball, 8RM, EV 93.1 MPH)
|
| Bottom of the 7th over - 0 runs, 1 hit, 0 errors, 2 left on base; Tijuana 2 - Madison 6 |
| TOP OF THE 8TH |
|
Tijuana Toros batting - Pitching for Madison Brewers : LHP Tony Salazar
|
|
Now in RF: Cameron Rattenbury
|
|
|
Batting: LHB Mesfin Azagba
|
0-0: Ball 1-0: Ground out 6-3 (Groundball, 56, EV 105.6 MPH)
|
|
Batting: RHB David Watkins
|
0-0: Called Strike 0-1: Fly out, F9 (Flyball, 9S, EV 83.8 MPH)
|
|
Batting: RHB Pat Adams
|
0-0: Swinging Strike 0-1: Ground out 5-3 (Groundball, 56, EV 88.8 MPH)
|
| Top of the 8th over - 0 runs, 0 hits, 0 errors, 0 left on base; Tijuana 2 - Madison 6 |
| BOTTOM OF THE 8TH |
|
Madison Brewers batting - Pitching for Tijuana Toros : RHP Jeff Lewis
|
|
Pitching: RHP Kevin Fleming
|
|
|
Batting: LHB Sal Burgos
|
0-0: Swinging Strike 0-1: Ball 1-1: Ball 2-1: Ground out 4-3 (Groundball, 4, EV 85.6 MPH)
|
|
Batting: SHB Aaron Neill
|
0-0: Ball 1-0: Ball 2-0: Ground out 4-3 (Groundball, 4, EV 92.5 MPH)
|
|
Batting: LHB Steven Donovan
|
0-0: Called Strike 0-1: Ball 1-1: Swinging Strike 1-2: SOLO HOME RUN (Flyball, 78XD, EV 107.5 MPH), Distance : 411 ft
|
|
Batting: RHB Chris Riddel
|
0-0: Called Strike 0-1: Ball 1-1: Ball 2-1: Ball 3-1: Base on Balls
|
|
Batting: RHB Cameron Rattenbury
|
0-0: SINGLE (Groundball, 56D, EV 96.3 MPH) Chris Riddel to second
|
|
Batting: RHB Drew Forbess
|
0-0: Called Strike 0-1: Foul Ball, location: 2F 0-2: Ball 1-2: Foul Ball, location: 2F 1-2: Strikes out looking
|
| Bottom of the 8th over - 1 run, 2 hits, 0 errors, 2 left on base; Tijuana 2 - Madison 7 |
| TOP OF THE 9TH |
|
Tijuana Toros batting - Pitching for Madison Brewers : LHP Tony Salazar
|
|
Batting: RHB Ruben Irizarry
|
0-0: Ball 1-0: Swinging Strike 1-1: Swinging Strike 1-2: Strikes out looking
|
|
Batting: RHB Will Barksdale
|
0-0: Called Strike 0-1: Called Strike 0-2: Reached on error, E4 (Groundball, 4M, EV 101.9 MPH)
|
|
Batting: LHB Nate Kee
|
0-0: Called Strike 0-1: Ball 1-1: Ball 2-1: Ball 3-1: Foul Ball, location: 2F 3-2: Base on Balls
|
|
Batting: LHB Steve Pond
|
0-0: Ball 1-0: Ball 2-0: Called Strike 2-1: Fly out, F7 (Flyball, 78S, EV 85.0 MPH)
|
|
Batting: RHB Chad Rojas
|
0-0: Ball 1-0: Foul Ball, location: 2F 1-1: Ball 2-1: Foul Ball, location: 2F 2-2: Ball 3-2: Ground out 1-3 (Groundball, 15S, EV 66.9 MPH)
|
| Top of the 9th over - 0 runs, 0 hits, 1 error, 2 left on base; Tijuana 2 - Madison 7 |
|